 Dungeon Crawl Stone Soup version 0.20-a0-554-gbf3359a (webtiles) character file.

2089802 removeelyvilon the Middleweight Champion (level 27, 266/266 HPs)
             Began as a Yellow Draconian Transmuter on Jan 5, 2017.
             Was the Champion of Ieoh Jian.
             Escaped with the Orb
             ... and 4 runes on Jan 6, 2017!
             The game lasted 05:19:02 (93246 turns).

removeelyvilon the Middleweight Champion (DrTm)    Turns: 93246, Time: 05:19:03

Health: 266/266    AC: 20    Str: 19    XL:     27
Magic:  41/41      EV: 31    Int: 31    God:    Ieoh Jian [******]
Gold:   3448       SH:  0    Dex: 24    Spells: 0/54 levels left

rFire  + + .     SeeInvis .       - Unarmed
rCold  . . .     Gourm    .     (armour unavailable)
rNeg   . . .     Faith    .     (no shield)
rPois  +         Spirit   .     B - +1 hat of Ujazeuv {rElec Str-2 Int+3}
rElec  +         Reflect  .     z - +2 cloak {MR+}
rCorr  +         Harm     .     S - +0 pair of gloves "Viokuesk" {rPois rF++}
MR     +++++                    U - +1 pair of boots of Honesty {Dex+4}
Stlth  ++........               C - amulet "Eqeikor" {Regen+ Str+4 Int+4}
                                y - ring of protection from magic
                                x - ring of Qeinoso {MR+ Int+6 Dex+4}

@: no status effects
A: spit acid, acid resistance, unfitting armour, acidic bite, cold-blooded, AC
+13
0: Orb of Zot
}: 4/15 runes: decaying, serpentine, slimy, abyssal
a: Breathe Acid, Steel Dragonfly, Heavenly Blade, Renounce Religion


You escaped.
You worshipped Ieoh Jian.
Ieoh Jian was exalted by your worship.
You were completely stuffed.

You visited 13 branches of the dungeon, and saw 59 of its levels.
You visited the Abyss 1 time.
You also visited: Desolation.

You collected 7402 gold pieces.
You spent 3954 gold pieces at shops.

Inventory:

Armour
 z - a +2 cloak of magic resistance (worn)
 B - the +1 hat of Ujazeuv (worn) {rElec Str-2 Int+3}
   (You found it on level 7 of the Dungeon)

   It affects your strength (-2).
   It affects your intelligence (+3).
   It insulates you from electricity.
 S - the +0 pair of gloves "Viokuesk" (worn) {rPois rF++}
   (You found it on level 2 of the Swamp)

   It greatly protects you from fire.
   It protects you from poison.
 U - the +1 pair of boots of Honesty (worn) {Dex+4}
   (You found it on level 4 of the Depths)

   It affects your dexterity (+4).
Jewellery
 m - the ring of the Dozen Gods {rN+ Int+3 Stlth+}
   (You took it off an ancient champion on level 3 of the Crypt)

   [ring of positive energy]

   It affects your intelligence (+3).
   It protects you from negative energy.
   It makes you more stealthy.
 v - an uncursed ring of see invisible
 x - the ring of Qeinoso (left hand) {MR+ Int+6 Dex+4}
   (You found it in the Desolation of Salt)

   [ring of protection from magic]

   It affects your intelligence (+6).
   It affects your dexterity (+4).
   It affects your resistance to hostile enchantments.
 y - a ring of protection from magic (right hand)
 A - the ring "Salomac" {rElec rPois rF+ rC+ MR-}
   (You found it in the Desolation of Salt)

   [ring of poison resistance]

   It protects you from fire.
   It protects you from cold.
   It insulates you from electricity.
   It protects you from poison.
   It affects your resistance to hostile enchantments.
 C - the amulet "Eqeikor" (around neck) {Regen+ Str+4 Int+4}
   (You took it off a skeletal warrior on level 3 of the Crypt)

   [amulet of regeneration]

   It affects your strength (+4).
   It affects your intelligence (+4).
   It increases your rate of regeneration.
 R - an uncursed ring of protection from fire
 W - the ring of Searaokk {rPois rF+ rC+ Dex+4}
   (You found it on level 6 of the Lair of Beasts)

   [ring of protection from fire]

   It affects your dexterity (+4).
   It protects you from fire.
   It protects you from cold.
   It protects you from poison.
 Z - the ring of Xiesuppi {rPois rC+++ rN+ MR- Str-3}
   (You took it off a necromancer on level 3 of the Crypt)

   [ring of positive energy]

   It affects your strength (-3).
   It renders you almost immune to cold.
   It protects you from poison.
   It protects you from negative energy.
   It affects your resistance to hostile enchantments.
Wands
 b - a wand of digging (11/24)
 o - a wand of iceblast (8/15)
 L - a wand of paralysis (12/24)
Scrolls
 a - 2 scrolls of identify
 d - 26 scrolls of remove curse
 h - 2 scrolls of fear
 i - 23 scrolls of teleportation
 l - 9 scrolls of recharging
 q - 6 scrolls of blinking
 I - a scroll of holy word
 P - 4 scrolls of immolation
 Q - a scroll of summoning
 T - 6 scrolls of silence
 X - 5 scrolls of fog
Potions
 f - 9 potions of lignification
 j - 6 potions of haste
 k - 9 potions of agility
 n - 21 potions of curing
 r - 2 potions of resistance
 s - 4 potions of invisibility
 t - 5 potions of might
 w - 6 potions of ambrosia
 F - 4 potions of berserk rage {!q}
 G - 5 potions of brilliance
 K - 7 potions of heal wounds
 M - 3 potions of cancellation
 N - 4 potions of magic
 O - a potion of cure mutation
Miscellaneous
 H - a phial of floods
 J - a fan of gales
 Y - 6 boxes of beasts
Comestibles
 c - 7 bread rations
 g - 13 meat rations
 p - 12 slices of pizza
 u - 30 fruits
 D - 20 beef jerkies
 V - 4 royal jellies


   Skills:
 + Level 25.3 Fighting
 - Level 18.6 Dodging
 - Level 9.6 Stealth
 O Level 27 Unarmed Combat
 - Level 14.1 Spellcasting
 - Level 4.2 Conjurations
 - Level 9.1 Hexes
 - Level 9.2 Charms
 - Level 8.6 Summonings
 - Level 2.4 Necromancy
 - Level 15.9 Transmutations
   Level 4.0 Ice Magic
 - Level 10.2 Air Magic
 - Level 9.0 Earth Magic
   Level 2.3 Poison Magic
 + Level 16.6 Invocations


You couldn't memorise any spells.
You knew the following spells:

 Your Spells              Type           Power        Failure   Level  Hunger
a - Regeneration          Chrm/Necr      ######....   1%          3    None
b - Deflect Missiles      Chrm/Air       ######....   8%          6    ###....
c - Aura of Abjuration    Summ           ######....   1%          5    None
d - Irradiate             Conj/Tmut      ######....   1%          5    None
e - Blink                 Tloc           N/A          3%          2    None
f - Invisibility          Hex            ######..     10%         6    ###....
g - Blade Hands           Tmut           #######...   1%          5    None
h - Dragon Form           Tmut           #######...   3%          7    #####..
i - Statue Form           Tmut/Erth      #######..    1%          6    ###....
j - Summon Lightning Spi  Summ/Air       ######..     1%          4    None
X - Silence               Hex/Air        ######....   1%          5    None


Dungeon Overview and Level Annotations

Branches:
Dungeon (15/15)            Temple (1/1) D:7            Lair (6/6) D:10
  Swamp (4/4) Lair:3        Snake (4/4) Lair:3        Slime (5/5) Lair:6
    Orc (2/2) D:9             Elf (3/3) Orc:2        Vaults (5/5) D:14
  Crypt (3/3) Vaults:2       Tomb (0/3) Crypt:3      Depths (5/5) D:15
   Hell (1/1)                 Zot (5/5) Depths:5
    Dis: Hell:1         Geh: Hell:1         Coc: Hell:1         Tar: Hell:1

Altars:
Ashenzari
Cheibriados
Dithmenos
Elyvilon
Fedhas
Gozag
Hepliaklqana Ieoh Jian
Kikubaaqudgha
Makhleb
Nemelex Xobeh
Okawaru
Qazlal
Ru
Sif Muna
Trog
Uskayaw
Vehumet
Xom
Yredelemnul
Zin
The Shining One
Jiyva

Shops:
D:4 (   D:14 (}}:*   Orc:2 =[!(   Elf:2 (   Snake:1 *   Snake:3 *
Vaults:4 *(%(?   Depths:2 }}=   Depths:4 }

Portals:
Hell: Depths:1 Depths:2 Depths:3 Depths:4 Depths:5
Abyss: Depths:4
Pandemonium: Depths:3
Ziggurat: Depths:4
Trove: Vaults:2 (give 3 potions of resistance)

Annotations:
Lair:4 exclusion: oklob plant
Hell Geryon


Innate Abilities, Weirdness & Mutations

You can spit globs of acid.
You are resistant to acid.
Your golden yellow scales are hard. (AC +13)
You cannot fit into any form of body armour.
You have acidic saliva.
You are cold-blooded and may be slowed by cold attacks.


Message History

You climb upwards.
There is a stone staircase leading down, spattered with blood here.
Unknown command.
Your transformation is almost over.
There is an escape hatch in the ceiling here.
A mysterious force pulls you upwards. The hatch slams shut behind you.
You revert to your normal fleshy form.
The +0 pair of gloves "Viokuesk" {rPois rF++} unmelds from your body.
The +1 pair of boots of Honesty {Dex+4} unmelds from your body.
There is a stone staircase leading down here.
You enter the shallow water.
Moving in this stuff is going to be slow.
There is a staircase leading out of the dungeon here.
You start eating one of the 8 bread rations.
You continue eating. x2
You finish eating.
That bread ration really hit the spot!
You start eating one of the 14 meat rations.
You continue eating. x2
You finish eating.
That meat ration really hit the spot!
You have escaped!

....#.# #.# #....>#.## .##.#.#
###.######.##......
......#########.......##.##.##.##
###........).######.#.##.........
########.###≈##≈##..##.......#.
#.##≈P≈≈P≈##.......##.#.
#.#≈P8PP8P≈#.##.....)...
#.##.P..P≈##>##.##.##)#.
#......@≈≈...##.##.##.#.
####....♣≈##.##.......#.
#≈.8.♣8♣≈#.#####.####.
##≈.≈≈♣≈##.# #.)...###
##≈##≈###.# #.....#
######.#.###.....#
#.......##..(..# #.......##.....#
#.##.##.########


There were no monsters in sight!

Vanquished Creatures
  the Royal Jelly (Slime:5)
  4 pandemonium lords
  9 orbs of fire
  5 ancient liches
  Khufu (Crypt:3)
  Mennas (Vaults:2)
  A juggernaut (Depths:4)
  Sojobo (Crypt:1)
  6 Killer Klowns
  Margery (Depths:4)
  A caustic shrike (Depths:4)
  2 curse toes
  Jory (Vaults:2)
  Nikola (Swamp:1)
  15 golden dragons
  The ghost of alphun the Spry, an adept MiMo of Ieoh Jian (Depths:1)
  2 bone dragons
  A Tzitzimitl (D:4)
  5 electric golems
  27 Orb Guardians
  20 tentacled monstrosities
  Asterion (Elf:1)
  4 liches
  A titan (Depths:4)
  4 deep elf blademasters
  2 deep elf master archers (Elf:3)
  6 quicksilver dragons
  Kirke (Snake:2)
  12 acid blobs
  12 death cobs
  6 sphinxes
  3 thorn hunters
  5 ancient champions
  4 tengu reavers
  8 shadow dragons
  12 storm dragons
  An azure jelly (shapeshifter) (Vaults:1)
  Roxanne (Snake:3)
  Donald (Swamp:4)
  2 revenants
  6 azure jellies
  A draconian monk (Zot:3)
  11 nagarajas
  4 iron dragons
  9 draconian knights
  12 fire giants
  3 imperial myrmidons (Desolation)
  9 vault wardens
  12 deep elf sorcerers
  2 ghost moths
  5 frost giants
  Louise (Elf:3)
  3 draconian scorchers
  A cacodemon (D:4)
  A balrug (Depths:3)
  Aizul (Swamp:3)
  A juggernaut zombie (D:15)
  7 ghouls
  5 curse skulls
  A caustic shrike zombie (Depths:2)
  2 draconian shifters
  3 draconian annihilators
  A draconian stormcaller (Zot:5)
  13 ironheart preservers
  A spriggan defender (Depths:4)
  6 deep elf elementalists
  38 very ugly things
  3 reapers
  The ghost of varedna the Grappler, a journeyman TrMo of Ieoh Jian (Lair:4)
  11 stone giants
  11 vampire knights
  13 green draconians
  A black sun (Depths:5)
  A lorocyproca (Depths:5)
  A corrupter (Depths:5)
  A halazid warlock (Desolation)
  9 deep elf demonologists
  Azrael (Snake:1)
  5 deep elf annihilators (Elf:3)
  6 yellow draconians
  11 black draconians
  13 purple draconians
  7 white draconians
  3 dire elephants
  12 spark wasps
  5 eidola
  22 deep elf death magi
  4 red draconians
  3 crystal guardians
  A quicksilver dragon zombie (Crypt:1)
  2 green deaths
  11 ettins
  A blizzard demon (Depths:3)
  3 death oozes (Slime:5)
  10 fire dragons
  10 deep elf high priests
  8 jiangshi
  7 great orbs of eyes
  A monstrous demonspawn (D:4)
  8 ogre magi
  10 yaktaur captains
  4 small abominations
  5 peacekeepers (Desolation)
  11 ice dragons
  10 ragged hierophants (Desolation)
  13 vault guards
  10 rakshasas
  29 naga warriors
  23 hydras
  A spriggan air mage (Depths:5)
  10 servants of whispers (Desolation)
  2 ghost crabs (Swamp:4)
  5 death knights
  A merfolk avatar (Lair:6)
  32 two-headed ogres
  11 anacondas
  A hell beast (D:13)
  27 dancing weapons
  A large abomination (Vaults:3)
  11 centaur warriors
  11 alligators
  6 death yaks
  An orc high priest (Vaults:1)
  16 spriggan berserkers
  20 tengu warriors
  8 deep troll shamans
  3 thrashing horrors (Abyss:3)
  10 deep troll earth magi
  7 vampire magi
  15 naga sharpshooters
  A titan zombie (Crypt:2)
  4 soul eaters
  6 shock serpents
  31 deep elf knights
  2 titan skeletons
  3 hellephant skeletons
  7 spriggans
  3 sun demons (Depths:3)
  34 skeletal warriors
  A storm dragon zombie (Crypt:3)
  2 iron trolls
  A fire crab (Swamp:4)
  7 salamander mystics
  4 shadow wraiths
  15 hell knights
  2 sea snakes (Lair:6)
  5 unseen horrors
  2 unseen horrors (shapeshifter)
  2 gelid demonspawn
  A golden dragon zombie (Depths:2)
  An anaconda zombie (Crypt:2)
  A storm dragon skeleton (Crypt:2)
  2 sixfirhies
  8 glowing orange brains
  8 flayed ghosts
  A shadow demon (D:10)
  A quicksilver dragon simulacrum (Depths:3)
  33 deep trolls
  20 deep elf archers
  A spriggan druid (Swamp:1)
  18 swamp dragons
  A shambling mangrove (Swamp:4)
  6 wizards
  3 lindwurms
  17 orc knights
  10 naga ritualists
  Pikel (D:6)
  14 necromancers
  2 wolf spider zombies (D:15)
  12 phantasmal warriors
  18 ironbrand convokers
  2 harpies (shapeshifter)
  7 harpies
  An orb spider (shapeshifter) (Depths:1)
  93 deep elf magi
  4 manticores
  The ghost of stevs the Spear-Bearer, a novice VSMo of Ieoh Jian (D:7)
  3 orc sorcerers
  8 mana vipers
  2 shining eyes
  2 sphinx skeletons (Depths:2)
  A mana viper (shapeshifter) (Vaults:2)
  9 cyclopes
  83 slime creatures
  59 ugly things
  27 moths of wrath
  26 salamanders
  4 wolf spiders
  4 worldbinders (Abyss:3)
  3 frost giant zombies
  8 elephants (Lair:6)
  10 guardian serpents
  2 stone giant skeletons
  4 fire giant zombies
  10 rust devils
  A water nymph (Abyss:3)
  An eye of devastation (Lair:6)
  Maurice (D:8)
  14 naga magi
  13 vault sentinels
  47 black mambas
  Joseph (D:9)
  An ice statue (Depths:3)
  7 smoke demons
  A dire elephant skeleton (Crypt:3)
  A gargoyle (D:14)
  A fire giant skeleton (Crypt:3)
  2 storm dragon simulacra
  A yaktaur (shapeshifter) (Vaults:3)
  17 spiny frogs
  A komodo dragon (shapeshifter) (Depths:4)
  An orange demon (D:7)
  3 spriggan zombies
  8 rime drakes
  4 efreet (Depths:3)
  2 anaconda simulacra
  2 kobold demonologists
  2 ice devils
  13 komodo dragons
  A purple draconian skeleton (Crypt:1)
  11 hellwings
  6 guardian mummies
  A tormentor (Zot:5)
  54 yaktaurs
  11 freezing wraiths
  2 yaktaur skeletons
  7 tengu conjurers
  A wind drake (Lair:6)
  A queen bee (shapeshifter) (Vaults:3)
  A jumping spider (shapeshifter) (Vaults:4)
  A spriggan skeleton (Depths:2)
  A white draconian skeleton (Crypt:2)
  2 polar bears (shapeshifter) (Vaults:3)
  8 trolls
  A wind drake (shapeshifter) (Vaults:2)
  13 hornets
  5 polar bears
  3 meliai (D:14)
  11 tyrant leeches
  16 blink frogs
  A wolf spider simulacrum (Crypt:1)
  A raiju (shapeshifter) (Elf:1)
  A deep troll zombie (D:15)
  A sphinx simulacrum (Vaults:3)
  A dream sheep (shapeshifter) (Depths:2)
  6 dream sheep (Lair:6)
  An iron dragon simulacrum (Depths:2)
  68 saltlings
  A meliai zombie (D:12)
  A hornet (shapeshifter) (Vaults:1)
  12 hippogriffs
  17 bog bodies
  An ettin zombie (Vaults:4)
  2 black mamba zombies (Crypt:1)
  2 stone giant simulacra (Vaults:4)
  10 shadows
  9 air elementals
  An ice dragon skeleton (Depths:1)
  23 flying skulls
  A redback (shapeshifter) (Vaults:2)
  3 vampires
  8 wraiths
  28 yaks
  4 basilisks
  An orc simulacrum (Vaults:3)
  Sigmund (D:6)
  A ynoxinul (Zot:1)
  5 water elementals
  7 wyverns
  2 humans (D:14)
  An elf zombie (Depths:2)
  A black mamba skeleton (Crypt:1)
  7 fire elementals
  2 hungry ghosts
  4 hogs (Snake:2)
  16 vampire mosquitoes
  2 fire bats (Lair:4)
  2 steam dragons (Swamp:4)
  A chaos spawn (Depths:5)
  5 golden eyes (D:10)
  73 nagas
  2 human simulacra
  6 wargs
  2 insubstantial wisps
  20 water moccasins
  24 swamp worms
  Duvessa (D:6)
  3 acid dragons
  8 hell hounds
  7 porcupines
  6 black bears
  3 ice beasts
  A floating eye (Depths:5)
  A swamp drake (shapeshifter) (D:12)
  20 swamp drakes
  61 orc warriors
  2 spiny frog skeletons
  A slave (D:6)
  A phantom (D:8)
  2 eyes of draining (shapeshifter)
  An ice dragon simulacrum (Depths:1)
  A necrophage (Crypt:2)
  3 wolves (Lair:5)
  36 ogres
  4 sky beasts
  4 boggarts
  7 eyes of draining
  The ghost of varedna the Poker, an amateur MfMo (D:3)
  4 ettin simulacra (Depths:3)
  A manticore zombie (Crypt:3)
  A manticore skeleton (Crypt:2)
  A boggart (shapeshifter) (Vaults:2)
  43 centaurs
  14 crocodiles
  12 big kobolds
  A hippogriff zombie (Crypt:1)
  29 bullfrogs
  Dowan (D:6)
  6 earth elementals
  A spiny frog simulacrum (Crypt:3)
  A wyvern zombie (D:11)
  A wyvern skeleton (D:13)
  3 scorpions
  25 killer bees
  A snapping turtle simulacrum (Crypt:3)
  A yak zombie (Crypt:3)
  2 electric eels
  5 wights
  A howler monkey (D:6)
  9 crimson imps
  6 hounds
  3 bullfrog zombies
  7 centaur zombies
  3 jellies
  28 orc priests
  A basilisk zombie (Crypt:3)
  A bullfrog skeleton (D:12)
  4 centaur skeletons
  A gnoll shaman (D:8)
  An iron imp (D:6)
  A human skeleton (Crypt:2)
  4 iguanas
  11 worker ants
  28 orc wizards
  A naga zombie (Crypt:3)
  2 hound zombies
  10 mummies (Crypt:3)
  A hell rat zombie (Crypt:3)
  A howler monkey zombie (Crypt:2)
  8 gnolls
  9 adders
  13 shadow imps
  2 white imps
  3 oozes
  An adder skeleton (D:4)
  4 adder zombies
  4 worms
  3 dart slugs
  5 leopard geckos
  116 orcs
  9 giant cockroaches
  8 goblins
  11 hobgoblins
  3 jackals
  5 quokkas
  A ball python skeleton (D:5)
  2 ball python zombies
  12 bats
  3 frilled lizards
  35 kobolds
  A kobold (shapeshifter) (Depths:4)
  A quokka skeleton (D:4)
  A quokka zombie (D:6)
  3 rats
  A bush (Elf:3)
  12 crawling corpses
  A fungus (Lair:5)
  2 plants
2975 creatures vanquished.

Vanquished Creatures (collateral kills)
  An acid blob (Slime:5)
  A death ooze (Slime:5)
  A hydra (Lair:1)
  An adder (D:2)
  A worm (D:2)
  An orc (D:3)
  A giant cockroach (D:2)
  A goblin (D:2)
  2 bats
10 creatures vanquished.

Vanquished Creatures (others)
  A tengu warrior (Depths:1)
  A quicksilver dragon simulacrum (Depths:3)
  A lindwurm (Swamp:4)
  2 moths of wrath (Zot:5)
  An elephant (Lair:6)
  A rust devil (D:13)
  A hornet (Swamp:3)
  A saltling (Desolation)
  An air elemental (Elf:3)
  A spriggan (Swamp:3)
  A water elemental (Elf:1)
  A human (Snake:2)
  A steam dragon (Swamp:4)
  A swamp worm (Swamp:1)
  A swamp drake (Swamp:4)
  An ettin simulacrum (Depths:3)
  An ogre (Vaults:3)
  A centaur (D:13)
  A bullfrog skeleton (D:6)
  An adder (D:6)
  A shadow imp (D:6)
  A bush (Lair:6)
  5 fungi (Lair:6)
  37 plants
  4 toadstools (D:1)
  3 withered plants (D:15)
72 creatures vanquished.

Grand Total: 3057 creatures vanquished

Notes
Turn   | Place    | Note
-------+----------+-------------------------------------------
     0 | D:1      | removeelyvilon the Draconian Transmuter began the quest for the Orb.
     0 | D:1      | Reached XP level 1. HP: 16/16 MP: 3/3
   459 | D:1      | Reached XP level 2. HP: 24/24 MP: 3/5
   466 | D:1      | Learned a level 2 spell: Sticks to Snakes
  1119 | D:2      | Reached XP level 3. HP: 31/31 MP: 4/6
  1124 | D:2      | Learned a level 3 spell: Spider Form
  1206 | D:2      | You fall through a shaft for 2 floors!
  1659 | D:2      | Reached skill level 1 in Poison Magic
  2050 | D:2      | Found an iron altar of Okawaru.
  2100 | D:2      | Reached XP level 4. HP: 35/38 MP: 7/7
  2174 | D:3      | Reached skill level 4 in Unarmed Combat
  2659 | D:3      | You fall through a shaft for 2 floors!
  2659 | D:5      | Entered Level 5 of the Dungeon
  3429 | D:3      | Noticed varedna's ghost (amateur MfMo)
  3442 | D:3      | Killed varedna's ghost
  3442 | D:3      | Reached skill level 5 in Unarmed Combat
  3442 | D:3      | Reached XP level 5. HP: 30/45 MP: 5/8
  3948 | D:3      | Reached XP level 6. HP: 34/51 MP: 4/9
  4821 | D:4      | Found Ostroteos's Antique Weapon Shop.
  4878 | D:4      | Reached skill level 6 in Unarmed Combat
  5333 | D:5      | Your scales start taking on a golden yellow colour.
  5333 | D:5      | Reached XP level 7. HP: 60/60 MP: 3/10
  5677 | D:5      | Noticed a hippogriff
  5693 | D:5      | Killed a hippogriff
  5693 | D:5      | Reached skill level 5 in Fighting
  5693 | D:5      | Reached skill level 7 in Unarmed Combat
  6429 | D:6      | Reached skill level 8 in Unarmed Combat
  6449 | D:6      | Reached XP level 8. HP: 59/69 MP: 7/11
  6840 | D:6      | Noticed Duvessa
  6840 | D:6      | Noticed Dowan
  6847 | D:6      | Killed Duvessa
  6858 | D:6      | Killed Dowan
  6972 | D:6      | You fall through a shaft!
  6972 | D:7      | Noticed stevs's ghost (novice VSMo)
  7099 | D:8      | Reached skill level 9 in Unarmed Combat
  7116 | D:8      | Reached XP level 9. HP: 59/79 MP: 5/12
  7319 | D:7      | Found a staircase to the Ecumenical Temple.
  7328 | Temple   | Entered the Ecumenical Temple
  7549 | Temple   | Became a worshipper of The Ieoh Jian Council
  7627 | D:7      | Killed stevs's ghost
  7627 | D:7      | Reached skill level 5 in Dodging
  7872 | D:6      | Found Sonnoboc's Food Emporium.
  7902 | D:6      | Noticed Sigmund
  7924 | D:6      | Killed Sigmund
  7941 | D:6      | Noticed Pikel
  7954 | D:6      | Killed Pikel
  8259 | D:6      | Found a white marble altar of Elyvilon.
  8772 | D:7      | Got a fine hat
  8778 | D:7      | Reached * piety under Ieoh Jian
  8781 | D:7      | Identified the +1 hat of Ujazeuv {rElec Str-2 Int+3} (You found it on level 7 of the Dungeon)
  8918 | D:7      | Reached XP level 10. HP: 67/90 MP: 6/13
  9512 | D:8      | Found a bloodstained altar of Trog.
  9985 | D:8      | Learned a level 4 spell: Ice Form
 10004 | D:8      | Noticed Maurice
 10012 | D:8      | Killed Maurice
 10012 | D:8      | Reached skill level 1 in Ice Magic
 10181 | D:8      | Noticed a two-headed ogre
 10187 | D:8      | Killed a two-headed ogre
 10381 | D:9      | Reached ** piety under Ieoh Jian
 10850 | D:9      | Noticed Joseph
 10872 | D:9      | Killed Joseph
 10872 | D:9      | Reached skill level 5 in Transmutations
 11660 | D:9      | Found a staircase to the Orcish Mines.
 11719 | D:9      | Reached skill level 1 in Invocations
 11729 | D:9      | Reached XP level 11. HP: 71/97 MP: 10/17
 11883 | D:9      | Reached *** piety under Ieoh Jian
 12660 | D:8      | Learned a level 5 spell: Blade Hands
 13379 | D:9      | Found a shimmering altar of Xom.
 13461 | D:10     | Entered Level 10 of the Dungeon
 13575 | D:10     | Noticed a two-headed ogre
 13591 | D:10     | Killed a two-headed ogre
 13815 | D:10     | Reached skill level 5 in Spellcasting
 14140 | D:10     | Found a staircase to the Lair.
 14592 | D:11     | Reached **** piety under Ieoh Jian
 14771 | D:11     | Noticed a red ugly thing
 14780 | D:11     | Killed a red ugly thing
 15121 | D:11     | Noticed a six-headed hydra
 15131 | D:11     | Killed a six-headed hydra
 15677 | D:11     | Killed an unseen horror
 15939 | D:11     | Noticed a purple ugly thing
 15956 | D:11     | Killed a purple ugly thing
 15956 | D:11     | Reached skill level 10 in Unarmed Combat
 16471 | D:11     | Killed an unseen horror
 16471 | D:11     | Reached XP level 12. HP: 19/106 MP: 17/20
 16820 | D:12     | Noticed a two-headed ogre
 16832 | D:11     | Killed a two-headed ogre
 16832 | D:11     | Reached skill level 10 in Fighting
 17308 | D:12     | Learned a level 3 spell: Regeneration
 17780 | D:11     | Noticed a two-headed ogre
 17793 | D:11     | Killed a two-headed ogre
 17793 | D:11     | Reached skill level 11 in Unarmed Combat
 18229 | D:12     | Found a glowing golden altar of the Shining One.
 18630 | D:12     | Reached ***** piety under Ieoh Jian
 18921 | Lair:1   | Entered Level 1 of the Lair of Beasts
 19541 | Lair:1   | Noticed a four-headed hydra
 19555 | Lair:1   | Killed a four-headed hydra
 20196 | Lair:1   | Noticed a seven-headed hydra
 20213 | Lair:1   | Killed a seven-headed hydra
 20732 | Lair:2   | Noticed a four-headed hydra
 20736 | Lair:2   | Killed a four-headed hydra
 20736 | Lair:2   | Reached skill level 12 in Unarmed Combat
 21431 | Lair:3   | Reached XP level 13. HP: 116/116 MP: 19/21
 21454 | Lair:3   | Found a staircase to the Snake Pit.
 22078 | Lair:3   | Reached skill level 5 in Invocations
 22154 | Lair:3   | Reached skill level 10 in Dodging
 22390 | Lair:3   | Found a staircase to the Swamp.
 23357 | Lair:4   | Noticed varedna's ghost (journeyman TrMo)
 23377 | Lair:4   | Killed varedna's ghost
 23490 | Lair:4   | Gained mutation: You have a pair of small horns on your head. [potion of beneficial mutation]
 24402 | Lair:4   | Found a shadowy altar of Dithmenos.
 24681 | Lair:5   | Reached skill level 13 in Unarmed Combat
 25888 | Lair:6   | Entered Level 6 of the Lair of Beasts
 28037 | Lair:6   | Gained mutation: You have acidic saliva. [Yellow Draconian growth]
 28037 | Lair:6   | Reached XP level 14. HP: 79/126 MP: 1/22
 28686 | Lair:6   | Reached skill level 14 in Unarmed Combat
 28865 | Lair:6   | Got a sparkling brass ring
 28866 | Lair:6   | Identified the ring of Searaokk {rPois rF+ rC+ Dex+4} (You found it on level 6 of the Lair of Beasts)
 29622 | Lair:6   | Found a staircase to the Slime Pits.
 32227 | D:14     | Noticed Sonja
 32231 | D:14     | Noticed Sonja
 32231 | D:14     | Sonja changed into Sonja the sky beast
 32235 | D:14     | Killed Sonja the sky beast
 32475 | D:14     | Found Iqemumoe's Book Emporium.
 32486 | D:14     | Bought a book of Transfigurations for 825 gold pieces
 32504 | D:14     | Found Xom Usia's General Store.
 32518 | D:14     | Found Oqyih's Gadget Emporium.
 33528 | D:14     | Identified Narghay's Volume of Supportive Evil Secrets
 33781 | D:14     | Found a gate to the Vaults.
 34164 | D:14     | Reached XP level 15. HP: 91/135 MP: 18/24
 34335 | D:14     | Found Roarekh's Antique Weapon Shop.
 34365 | D:14     | Found Ninia's Gadget Shoppe.
 34459 | D:14     | Reached skill level 10 in Transmutations
 34570 | D:14     | Reached ****** piety under Ieoh Jian
 34963 | D:15     | Entered Level 15 of the Dungeon
 35141 | D:15     | Identified a scroll of acquirement
 35248 | D:14     | Learned a level 6 spell: Hydra Form
 35254 | D:14     | Learned a level 5 spell: Irradiate
 35414 | D:15     | Reached skill level 1 in Conjurations
 36324 | D:15     | Learned a level 2 spell: Repel Missiles
 36969 | D:15     | Found a staircase to the Depths.
 38242 | Orc:1    | Entered Level 1 of the Orcish Mines
 38857 | Orc:2    | Entered Level 2 of the Orcish Mines
 39080 | Orc:2    | Found a staircase to the Elven Halls.
 40305 | Orc:2    | Found Jennutiu's Armour Shop.
 40305 | Orc:2    | Found Lenne's Distillery.
 40307 | Orc:2    | Found Imosuk's Weapon Emporium.
 40309 | Orc:2    | Found Xotzyis's Jewellery Boutique.
 40314 | Orc:2    | Bought a potion of heal wounds for 70 gold pieces
 40314 | Orc:2    | Bought a potion of lignification for 42 gold pieces
 40314 | Orc:2    | Bought a potion of lignification for 42 gold pieces
 40321 | Orc:2    | Bought an uncursed ring of protection from magic for 300 gold pieces
 40594 | Swamp:1  | Entered Level 1 of the Swamp
 41419 | Swamp:1  | Reached XP level 16. HP: 138/143 MP: 19/29
 42082 | Swamp:1  | Reached skill level 10 in Spellcasting
 42123 | Swamp:1  | Noticed Nikola
 42144 | Swamp:1  | Killed Nikola
 43444 | Swamp:1  | Learned a level 7 spell: Dragon Form
 43771 | Swamp:2  | Found an ancient bone altar of Kikubaaqudgha.
 43976 | Swamp:2  | Noticed a thorn hunter
 43984 | Swamp:2  | Killed a thorn hunter
 45560 | Swamp:3  | Noticed Aizul
 45567 | Swamp:3  | Killed Aizul
 46220 | Swamp:4  | Entered Level 4 of the Swamp
 46536 | Swamp:4  | Reached XP level 17. HP: 144/149 MP: 32/32
 46864 | Swamp:4  | Got a decaying rune of Zot
 47053 | Swamp:4  | Noticed Donald
 47060 | Swamp:4  | Killed Donald
 47060 | Swamp:4  | Reached skill level 15 in Transmutations
 47596 | Swamp:4  | Learned a level 6 spell: Statue Form
 47798 | Snake:1  | Entered Level 1 of the Snake Pit
 47852 | Snake:1  | Reached skill level 1 in Earth Magic
 47902 | Snake:1  | Noticed Azrael
 47907 | Snake:1  | Killed Azrael
 47944 | Snake:1  | Found an iron altar of Okawaru.
 48134 | Snake:1  | Reached skill level 5 in Earth Magic
 48143 | Snake:1  | Found Ruveanta's Assorted Antiques.
 48159 | Snake:1  | Bought a potion of haste for 200 gold pieces
 48159 | Snake:1  | Bought a potion of lignification for 60 gold pieces
 48693 | Snake:2  | Noticed Kirke
 48700 | Snake:2  | Killed Kirke
 50469 | Snake:3  | Noticed Roxanne
 50480 | Snake:3  | Killed Roxanne
 50918 | Snake:3  | Identified Roxanne's Tome of Moulding (You took it off Roxanne on level 3 of the Snake Pit)
 51101 | Snake:3  | Found Ysaat's General Store.
 51109 | Snake:3  | Bought a potion of heal wounds for 60 gold pieces
 51127 | Snake:3  | Bought a potion of might for 48 gold pieces
 51439 | Snake:3  | Reached XP level 18. HP: 157/157 MP: 34/34
 52073 | Swamp:2  | Got a pair of brightly glowing gloves
 52084 | Swamp:2  | Identified the cursed +0 pair of gloves "Viokuesk" {rPois rF++} (You found it on level 2 of the Swamp)
 52725 | Snake:4  | Entered Level 4 of the Snake Pit
 52735 | Snake:4  | Reached skill level 15 in Unarmed Combat
 53227 | Snake:4  | Reached skill level 1 in Stealth
 53562 | Snake:4  | Reached skill level 1 in Charms
 54796 | Snake:4  | Reached skill level 16 in Unarmed Combat
 55192 | Snake:4  | Reached XP level 19. HP: 166/166 MP: 29/35
 55694 | Snake:4  | Got a serpentine rune of Zot
 55809 | Snake:4  | Learned a level 5 spell: Yara's Violent Unravelling
 56317 | Elf:1    | Entered Level 1 of the Elven Halls
 56401 | Elf:1    | Found a deep blue altar of Sif Muna.
 57182 | Elf:1    | Noticed Asterion
 57197 | Elf:1    | Killed Asterion
 57619 | Elf:1    | Reached skill level 17 in Unarmed Combat
 58396 | Elf:2    | Found a huge runed gate.
 58396 | Elf:2    | Found a huge runed gate.
 58396 | Elf:2    | Found a huge runed gate.
 58397 | Elf:2    | Found a huge runed gate.
 58398 | Elf:2    | Found a huge runed gate.
 58488 | Elf:2    | Found Moedwiomn's Antique Weapon Boutique.
 59373 | Elf:2    | Reached skill level 15 in Fighting
 59799 | Vaults:1 | Entered Level 1 of the Vaults
 60415 | Vaults:1 | Reached XP level 20. HP: 108/178 MP: 30/36
 60607 | Vaults:1 | Reached skill level 18 in Unarmed Combat
 62519 | Vaults:2 | Noticed Jory
 62532 | Vaults:2 | Killed Jory
 62880 | Vaults:2 | Noticed Mennas
 62891 | Vaults:2 | Killed Mennas
 63059 | Vaults:2 | Found a stormy altar of Qazlal.
 63075 | Vaults:2 | Noticed a bone dragon
 63076 | Vaults:2 | Found a staircase to the Crypt.
 63087 | Vaults:2 | Killed a bone dragon
 63087 | Vaults:2 | Reached skill level 5 in Stealth
 63122 | Vaults:2 | Found a portal to a secret trove of treasure.
 63992 | Vaults:2 | Reached skill level 19 in Unarmed Combat
 64908 | Vaults:3 | Reached XP level 21. HP: 119/188 MP: 24/37
 65281 | Vaults:3 | Found a ruined gateway.
 65289 | Desolati | Entered the Desolation of Salt
 65301 | Desolati | Learned a level 5 spell: Silence
 65906 | Desolati | Identified the ring of Qeinoso {MR+ Int+6 Dex+4} (You found it in the Desolation of Salt)
 66217 | Desolati | Identified the Collected Works on Mutagenic Boosts
 66296 | Desolati | Reached skill level 15 in Dodging
 66500 | Desolati | Got a twitching brass ring
 66501 | Desolati | Identified the ring "Salomac" {rElec rPois rF+ rC+ MR-} (You found it in the Desolation of Salt)
 66511 | Desolati | Identified the Handbook of Intoxication
 66738 | Desolati | Identified the +8 large shield "Haedavon" {rElec rC+ Str+3} (You found it in the Desolation of Salt)
 67141 | Vaults:3 | Reached skill level 20 in Unarmed Combat
 68461 | Vaults:4 | Found Paputwalo's Antique Weapon Shop.
 68471 | Vaults:4 | Found Hied's Food Emporium.
 68505 | Vaults:4 | Reached XP level 22. HP: 199/199 MP: 32/38
 68864 | Vaults:4 | Found Wusmysk's Antique Weapon Emporium.
 68946 | Vaults:4 | Found Solaiwna's General Store.
 68967 | Vaults:4 | Bought a scroll of teleportation for 48 gold pieces
 69446 | Vaults:4 | Found Axoqase's Magic Scroll Boutique.
 69453 | Vaults:4 | Bought a scroll of teleportation for 39 gold pieces
 69453 | Vaults:4 | Bought a scroll of immolation for 45 gold pieces
 69824 | Vaults:5 | Entered Level 5 of the Vaults
 70037 | Depths:1 | Entered Level 1 of the Depths
 70179 | Depths:1 | Reached skill level 21 in Unarmed Combat
 70305 | Depths:1 | Noticed alphun's ghost (adept MiMo)
 70326 | Depths:1 | Killed alphun's ghost
 70813 | Depths:1 | Found a gateway to Hell.
 71861 | Depths:2 | Found Tet Woimn's Jewellery Shoppe.
 71861 | Depths:2 | Found Yfant's Gadget Boutique.
 71862 | Depths:2 | Found Peuweg's Gadget Boutique.
 72355 | Depths:2 | Found a shattered altar of Ashenzari.
 72469 | Depths:2 | Reached XP level 23. HP: 209/209 MP: 32/39
 72977 | Depths:3 | Reached skill level 1 in Air Magic
 73334 | Depths:3 | Reached skill level 1 in Hexes
 73524 | Depths:3 | Found a stormy altar of Qazlal.
 73555 | Depths:3 | Found a sparkling altar of Nemelex Xobeh.
 73556 | Depths:3 | Found a one-way gate leading to the halls of Pandemonium.
 73589 | Depths:3 | Found a radiant altar of Vehumet.
 73613 | Depths:3 | Reached skill level 22 in Unarmed Combat
 73753 | Depths:3 | Identified the amulet of Niaggece {Regen+ Int+4} (You took it off a tengu warrior on level 3 of the Depths)
 73785 | Depths:3 | Reached skill level 5 in Air Magic
 74438 | Depths:3 | HP: 3/316 [spriggan berserker/morningstar (30)]
 74463 | Depths:3 | HP: 9/316 [blizzard demon (10)]
 75179 | Depths:3 | Got a coiled copper ring
 75245 | Depths:3 | Identified the ring of Ixuwidau {MP+9 Str+4} (You took it off a tengu warrior on level 3 of the Depths)
 75470 | Depths:3 | Found a blossoming altar of Fedhas.
 75714 | Depths:3 | Reached skill level 5 in Charms
 75799 | Depths:4 | Found Tocorajueti's Gadget Emporium.
 75826 | Depths:4 | Reached XP level 24. HP: 221/221 MP: 37/39
 76129 | Depths:4 | Found a gateway to a ziggurat.
 76821 | Depths:4 | Found a one-way gate to the infinite horrors of the Abyss.
 76833 | Depths:4 | Noticed Margery
 76840 | Depths:4 | Killed Margery
 77377 | Depths:4 | Learned a level 6 spell: Deflect Missiles
 77382 | Depths:4 | Learned a level 4 spell: Summon Lightning Spire
 77565 | Depths:4 | Noticed a juggernaut
 77572 | Depths:4 | Killed a juggernaut
 77609 | Depths:4 | Got a pair of ancient boots
 77620 | Depths:4 | Identified the +1 pair of boots of Honesty {Dex+4} (You found it on level 4 of the Depths)
 77800 | Depths:5 | Entered Level 5 of the Depths
 77992 | Depths:5 | Paralysed by a floating eye for 4 turns
 78398 | Depths:5 | Found a gate to the Realm of Zot.
 78401 | Depths:5 | Reached XP level 25. HP: 233/233 MP: 39/39
 78883 | Hell     | Entered the Vestibule of Hell
 78883 | Hell     | Noticed Geryon
 79303 | Slime:1  | Entered Level 1 of the Pits of Slime
 79439 | Slime:2  | Gained mutation: You expend magic power (3 MP) to strengthen your wands. [a shining eye]
 79443 | Slime:2  | Paralysed by a great orb of eyes for 4 turns
 79962 | Slime:5  | Entered Level 5 of the Pits of Slime
 80245 | Slime:5  | Found a viscous altar of Jiyva.
 80245 | Slime:5  | Noticed the Royal Jelly
 80260 | Slime:5  | Killed the Royal Jelly
 80260 | Slime:5  | Reached skill level 10 in Air Magic
 80292 | Slime:5  | Identified the Incunabulum of Dark Rituals and Conjuration
 80297 | Slime:5  | Learned a level 2 spell: Blink
 80329 | Slime:5  | Got a slimy rune of Zot
 81008 | Elf:2    | Reached skill level 5 in Hexes
 81173 | Elf:3    | Entered Level 3 of the Elven Halls
 81711 | Elf:3    | Noticed Louise
 82145 | Elf:3    | Reached XP level 26. HP: 246/246 MP: 40/40
 82176 | Elf:3    | Cast into level 3 of the Abyss (Louise)
 82270 | Abyss:3  | Got an abyssal rune of Zot
 82281 | Elf:3    | Escaped the Abyss
 82302 | Elf:3    | Killed Louise
 82456 | Elf:3    | Identified the Tome of the Birds
 82533 | Elf:3    | Identified the Papyrus of Displacement
 82632 | Elf:3    | Identified the Guide on the Ashen Escort
 82753 | Elf:3    | Identified Vapnosta's Almanac of Mutagenic Ignition
 83175 | D:14     | Bought a book of Burglary for 1125 gold pieces
 83182 | D:14     | Learned a level 6 spell: Invisibility
 83315 | Crypt:1  | Entered Level 1 of the Crypt
 83415 | Crypt:1  | Noticed Sojobo
 83441 | Crypt:1  | Killed Sojobo
 84366 | Crypt:2  | Reached skill level 1 in Necromancy
 85070 | Crypt:3  | Entered Level 3 of the Crypt
 85078 | Crypt:3  | Reached skill level 23 in Unarmed Combat
 85089 | Crypt:3  | Noticed Khufu
 85098 | Crypt:3  | Killed Khufu
 85740 | Crypt:3  | Reached skill level 1 in Summonings
 85936 | Crypt:3  | Noticed an ancient lich
 85951 | Crypt:3  | Killed an ancient lich
 85951 | Crypt:3  | Reached skill level 10 in Invocations
 85951 | Crypt:3  | Reached XP level 27. HP: 256/256 MP: 40/40
 86137 | Crypt:3  | Noticed an ancient lich
 86148 | Crypt:3  | Killed an ancient lich
 86271 | Crypt:3  | Identified the Compendium of Arcane Weapons
 86272 | Crypt:3  | Noticed an ancient lich
 86275 | Crypt:3  | Identified Gimoa's Guide on Nocuous Augmentations
 86278 | Crypt:3  | Killed an ancient lich
 86311 | Crypt:3  | Got a clouded amber ring
 86313 | Crypt:3  | Got a steaming bronze ring
 86362 | Crypt:3  | Identified the ring of the Dozen Gods {rN+ Int+3 Stlth+} (You took it off an ancient champion on level 3 of the Crypt)
 86363 | Crypt:3  | Identified the ring of Xiesuppi {rPois rC+++ rN+ MR- Str-3} (You took it off a necromancer on level 3 of the Crypt)
 86366 | Crypt:3  | Identified the amulet "Eqeikor" {Regen+ Str+4 Int+4} (You took it off a skeletal warrior on level 3 of the Crypt)
 86483 | Crypt:3  | Found a staircase to the Tomb.
 86747 | D:14     | Bought a book of Summonings for 1050 gold pieces
 86815 | Depths:1 | Learned a level 5 spell: Aura of Abjuration
 86998 | Zot:1    | Entered Level 1 of the Realm of Zot
 87085 | Zot:1    | Reached skill level 5 in Summonings
 88220 | Zot:2    | Reached skill level 24 in Unarmed Combat
 88279 | Zot:2    | Noticed an orb of fire
 88295 | Zot:2    | Killed an orb of fire
 89949 | Zot:4    | Reached skill level 25 in Unarmed Combat
 90633 | Zot:5    | Entered Level 5 of the Realm of Zot
 90962 | Zot:5    | Noticed an ancient lich
 90962 | Zot:5    | Paralysed by an ancient lich for 4 turns
 90973 | Zot:5    | Killed an ancient lich
 91122 | Zot:5    | Noticed an orb of fire
 91125 | Zot:5    | Killed an orb of fire
 91175 | Zot:5    | Noticed an ancient lich
 91177 | Zot:5    | Noticed an orb of fire
 91186 | Zot:5    | Killed an ancient lich
 91197 | Zot:5    | Killed an orb of fire
 91271 | Zot:5    | Reached skill level 26 in Unarmed Combat
 91275 | Zot:5    | Got a smoking platinum amulet
 91276 | Zot:5    | Identified the amulet of Megalomania {RegenMP rC++ Dex-2} (You found it on level 5 of the Realm of Zot)
 91435 | Zot:5    | Noticed an orb of fire
 91437 | Zot:5    | Killed an orb of fire
 91437 | Zot:5    | Reached skill level 15 in Invocations
 91444 | Zot:5    | Noticed an orb of fire
 91454 | Zot:5    | Killed an orb of fire
 91460 | Zot:5    | Noticed an orb of fire
 91462 | Zot:5    | Noticed an orb of fire
 91466 | Zot:5    | Gained mutation: You are clumsy. (Dex -2) [an orb of fire]
 91469 | Zot:5    | Killed an orb of fire
 91475 | Zot:5    | Killed an orb of fire
 91632 | Zot:5    | Noticed an orb of fire
 91637 | Zot:5    | Killed an orb of fire
 91682 | Zot:5    | Noticed an orb of fire
 91686 | Zot:5    | Gained mutation: You tend to lose your temper in combat. [an orb of fire]
 91687 | Zot:5    | Killed an orb of fire
 91688 | Zot:5    | Lost mutation: You are clumsy. (Dex -2) [potion of cure mutation]
 91688 | Zot:5    | Lost mutation: You tend to lose your temper in combat. [potion of cure mutation]
 91688 | Zot:5    | Lost mutation: You have a pair of small horns on your head. [potion of cure mutation]
 91688 | Zot:5    | Lost mutation: You expend magic power (3 MP) to strengthen your wands. [potion of cure mutation]
 92254 | Zot:5    | Got the Orb of Zot
 92398 | Zot:3    | Noticed Fuyplagh the pandemonium lord
 92403 | Zot:3    | Killed Fuyplagh the pandemonium lord
 92545 | Depths:5 | Noticed Qengeut the pandemonium lord
 92559 | Depths:5 | Killed Qengeut the pandemonium lord
 92570 | Depths:4 | Reached skill level 27 in Unarmed Combat
 92856 | D:13     | Noticed Fuegeniz the pandemonium lord
 92868 | D:13     | Killed Fuegeniz the pandemonium lord
 93132 | D:4      | Noticed Jadoiry the pandemonium lord
 93136 | D:4      | Killed Jadoiry the pandemonium lord
 93201 | D:4      | Noticed Oluahuor the pandemonium lord
 93246 | D:$      | Escaped with the Orb!

Vault maps used:
D:1:      ldierk_walled_garden_2, solitary_fountain
D:2:      kennysheep_okawaru_gauntlet, roderic_bipointed_swastika
D:3:      first_bread
D:4:      serial_shops, nicolae_shop_statue_plus, minmay_misc_feat_iff,
          serial_bayou_pond_c, minmay_goblin_kobold_house
D:6:      kennysheep_mini_moat, serial_shops, kennysheep_little_box,
          kennysheep_generic_room_3, uniq_duvessa, uniq_sigmund, uniq_pikel
D:8:      trog_ov_bears_minmay, grunt_ogre_cave, lemuel_another_geyser,
          uniq_maurice
D:9:      tgw_xom, david_orc_4, uniq_joseph
D:10:     lair_entry_dummy
D:12:     st_stairs_11, minmay_ruined_shrine
D:13:     kennysheep_decorative_pillar
D:14:     grunt_vaults_entry_fortified, serial_shops, shop_fountains,
          nicolae_shop_overgrown_old_shop, shop_statue, shop,
          nicolae_shop_window_shopping, minmay_stone_trees_small, uniq_sonja
D:15:     gammafunk_depths_entry_grave, hangedman_decor_points
Temple:   dpeg_five_rooms_temple
Lair:3:   nicolae_swamp_entry_splash_gauntlet, guppyfry_snake_entry_island,
          portal_ice_cave_rime, grunt_megastairs_2
Lair:4:   enter_volcano_1, columned_hall_lemuel, lemuel_oklob_altar,
          grunt_megastairs_5
Lair:6:   gammafunk_lair_ancient_temple, minmay_slime_entry_eyes
Swamp:1:  nicolae_swamp_fairy_circle, swamp_pool2, st_swamp_ruins_2,
          infiniplex_staircase_pool, uniq_nikola
Swamp:2:  hangedman_swamp_blocks, nicolae_swamp_orc_logging_accident,
          grunt_ruined_hall, infiniplex_staircase_pool_2
Swamp:3:  evilmike_swamp_ruin_house_6, uniq_aizul
Swamp:4:  swamp_fiery, uniq_donald
Snake:1:  basic_altar, serial_shops, shop, uniq_azrael
Snake:2:  nrook_guardian_serpent_snake_passage, st_stairs_11,
          basic_loot_grate_trap, uniq_kirke
Snake:3:  serial_shops, shop, st_stairs_6, grunt_ministairs_10,
          serial_bayou_shore_b, grunt_megastairs_1, uniq_roxanne
Snake:4:  minmay_snake_end_coiled, spider_trap, hangedman_corner_corridor
Slime:1:  nicolae_slime_barrier
Slime:4:  cheibrodos_slime_lost_civilization_7
Orc:2:    st_orc_rangers
Elf:1:    basic_altar, hangedman_elf_represent, hangedman_elf_targetted_burst,
          uniq_asterion
Elf:2:    serial_shops, nicolae_shop_stone
Elf:3:    minmay_elf_hall_hex, uniq_louise
Vaults:1: vaults_mumra_lcd, nicolae_vaults_alarming, hangedman_vaults_slice,
          v_misc_30, v_misc_1, vaults_room_grunt_arrival_checkpoint, v_misc_28,
          vaults_dpeg_ring, special_room_vaults
Vaults:2: vaults_mumra_chevron_long, nicolae_vaults_arrows, v_pattern_5,
          vaults_room_hangedman_quadrants, nicolae_vaults_asterisk, v_misc_32,
          minmay_crypt_entry_nasty_monster, nicolae_trove_entry_free_sample,
          basic_altar, uniq_mennas, uniq_jory
Vaults:3: nicolae_vaults_windows_and_doors_thing, nicolae_vaults_circle_grid_a,
          v_misc_28, hangedman_vaults_corner, vaults_room_boxed,
          nicolae_vaults_an_arrangement, v_misc_11, ontoclasm_vaults_shuriken,
          nicolae_vaults_big_ls, nicolae_vaults_circle_grid_b,
          nicolae_vaults_asterisk, portal_desolation_entry_salt
Vaults:4: ontoclasm_vaults_claustrophobia, vaults_dpeg_doors,
          ontoclasm_vaults_misaligned, vaults_standard_mumra_x,
          grunt_vaults_hallway_long, ontoclasm_vaults_idyll, vaults_room_pools,
          v_misc_1, nicolae_vaults_rhombus_6, vaults_dpeg_encased_lava,
          vaults_room_semicircle, serial_shops, shop, nicolae_shop_trees,
          nicolae_shop_behind_doors, nicolae_shop_stone, shop
Vaults:5: serial_shops
Crypt:1:  glass_columns_c, grunt_ministairs_4, grunt_crypt_arrival_webbed,
          grunt_megastairs_3, uniq_sojobo
Crypt:3:  david_glass_crypt, nicolae_tomb_entry_grand_gallery, st_stairs_4,
          uniq_khufu
Depths:1: grunt_hell_entry_dis_grunt, minmay_misc_feat_secret_circle,
          minmay_misc_feat_roman, abandoned_shop
Depths:2: kennysheep_ogre_elephant_herders, lemuel_round_altar, hell_entry,
          grunt_megastairs_4, firewood_loft, minmay_shop_grove
Depths:3: grunt_profane_halls, pan_entry, hell_entry
Depths:4: minmay_nine_rooms, enter_ziggurat_f, serial_bayou_lagoon_a,
          hell_entry, serial_shops, shop, abyss_entry, hangedman_decor_riveting,
          grunt_decor_cap, uniq_margery
Depths:5: evilmike_zot_entry_round, grunt_decor_fettered, hell_entry,
          st_stairs_6
Zot:2:    hangedman_zot_decor_tridents
Zot:3:    grunt_zot_stairs_faceoff
Zot:4:    bh_zot_lava_cross
Abyss:3:  grunt_abyss_rune_forest_and_sorcery

Skill      XL: |  1  2  3  4  5  6  7  8  9 10 11 12 13 14 15 16 17 18 19 20 21 22 23 24 25 26 27 |
---------------+----------------------------------------------------------------------------------+-----
Fighting       | 2 3 4 5 7 8 9 11 12 13 15 16 17 18 19 20 21 22 25 | 25.3
Poison Magic   | 1 2 |  2.3
Unarmed Combat | 5 6 8 9 10 12 13 14 16 17 19 20 21 22 23 27 | 27.0
Dodging        | 3 7 8 9 10 11 13 14 15 16 17 18 | 18.6
Transmutations | 5 8 9 12 14 15 | 15.9
Ice Magic      | 3 4 |  4.0
Spellcasting   | 4 5 6 9 11 12 13 14 | 14.1
Invocations    | 1 3 4 7 10 16 | 16.6
Conjurations   | 4 |  4.2
Earth Magic    | 9 |  9.0
Stealth        | 1 3 6 8 9 |  9.6
Charms         | 3 5 9 |  9.2
Air Magic      | 6 7 10 | 10.2
Hexes          | 3 7 9 |  9.1
Necromancy     | 2 |  2.4
Summonings     | 2 8 |  8.6

Action                   |  1- 3 |  4- 6 |  7- 9 | 10-12 | 13-15 | 16-18 | 19-21 | 22-24 | 25-27 || total
-------------------------+-------+-------+-------+-------+-------+-------+-------+-------+-------++-------
Melee: Unarmed           |   121 |   183 |   221 |   832 |  1248 |  1055 |  1145 |  1026 |  1645 ||  7476
       Kick              |     6 |     2 |       |       |       |       |       |       |       ||     8
       Tailslap          |     9 |    13 |    14 |    46 |   127 |   161 |   166 |   175 |   321 ||  1032
       Headbutt          |     3 |     1 |       |       |   152 |    48 |    33 |    68 |   213 ||   518
       Punch             |     3 |     2 |     2 |    12 |    54 |    76 |    83 |   125 |   172 ||   529
       Eveningstar       |       |       |       |       |     8 |       |       |       |       ||     8
       Bite              |       |       |       |       |    64 |   104 |   127 |   146 |   229 ||   670
       Dire flail        |       |       |       |       |     6 |       |       |       |       ||     6
       Executioner's axe |       |       |       |       |       |       |       |       |     7 ||     7
       Lajatang          |       |       |       |       |       |       |       |       |    21 ||    21
 Cast: Beastly Appendage |    14 |     2 |       |       |       |       |       |       |       ||    16
       Sticks to Snakes  |     4 |     3 |     1 |     7 |       |       |       |       |     7 ||    22
       Spider Form       |     1 |    19 |    22 |    51 |     2 |       |       |       |       ||    95
       Blade Hands       |       |       |       |    18 |    89 |     5 |     1 |       |     3 ||   116
       Ice Form          |       |       |       |    10 |    24 |       |       |       |       ||    34
       Hydra Form        |       |       |       |       |    18 |    10 |       |       |       ||    28
       Repel Missiles    |       |       |       |       |     8 |    12 |    14 |     6 |       ||    40
       Regeneration      |       |       |       |       |     2 |     8 |    30 |    24 |    20 ||    84
       Dragon Form       |       |       |       |       |       |    50 |    68 |    51 |    55 ||   224
       Irradiate         |       |       |       |       |       |     4 |    17 |     7 |    13 ||    41
       Statue Form       |       |       |       |       |       |    14 |    13 |    19 |    36 ||    82
       Yara's Violent Un |       |       |       |       |       |       |     6 |       |       ||     6
       Deflect Missiles  |       |       |       |       |       |       |       |     2 |     5 ||     7
       Summon Lightning  |       |       |       |       |       |       |       |       |     2 ||     2
       Silence           |       |       |       |       |       |       |       |       |     2 ||     2
       Invisibility      |       |       |       |       |       |       |       |       |     8 ||     8
       Aura of Abjuratio |       |       |       |       |       |       |       |       |     2 ||     2
Invok: Heavenly Blade    |       |       |       |       |     2 |       |     1 |       |     3 ||     6
       Steel Dragonfly   |       |       |       |       |     1 |       |       |       |     1 ||     2
 Abil: Breathe Acid      |       |       |    15 |    23 |    34 |    13 |    21 |    21 |     4 ||   131
       End Transformatio |       |       |       |     1 |     6 |     3 |     5 |       |     1 ||    16
Evoke: Wand              |       |       |       |       |     4 |     1 |       |       |     1 ||     6
  Use: Scroll            |     2 |       |     6 |     5 |    18 |    18 |    11 |    18 |    23 ||   101
       Potion            |       |     1 |     2 |     3 |     4 |       |     4 |     4 |    11 ||    29
 Stab: Distracted        |       |     1 |     1 |     1 |       |     2 |     2 |     7 |     8 ||    22
       Sleeping          |       |     1 |       |     5 |     1 |       |    10 |     8 |    19 ||    44
       Invisible         |       |       |       |       |       |       |       |       |    34 ||    34
  Eat: Chunk             |     4 |     5 |    12 |    27 |    50 |    33 |    90 |    51 |    17 ||   289
       Bread ration      |       |     2 |     1 |     5 |     3 |     1 |       |     1 |     5 ||    18
       Beef jerky        |       |       |     1 |       |     2 |       |       |       |     1 ||     4
       Meat ration       |       |       |       |     2 |     5 |    10 |       |     1 |    11 ||    29
       Fruit             |       |       |       |       |     3 |     1 |       |     1 |     1 ||     6
       Pizza             |       |       |       |       |       |     1 |       |       |       ||     1
       Royal jelly       |       |       |       |       |       |       |       |       |     1 ||     1
Armor: Skin              |    44 |    47 |    38 |   101 |   200 |   423 |   438 |   342 |   569 ||  2202
Dodge: Dodged            |   104 |   123 |   143 |   689 |   989 |   749 |   699 |   767 |  1546 ||  5809
       Deflected         |       |       |       |       |    15 |    33 |    39 |    34 |    86 ||   207
